 Dungeon Crawl Stone Soup version 0.21-a0-525-ga34b322 (webtiles) character file.

4925 Amnesiac the Archer (level 10, 0/79 HPs)
             Began as a Mummy Hunter on Dec 7, 2017.
             Was a Believer of Okawaru.
             Slain by a sun demon (17 damage)
             ... on level 2 of the Abyss.
             The game lasted 00:17:42 (9342 turns).

Amnesiac the Archer (Mummy Hunter)                  Turns: 9342, Time: 00:17:42

Health: 0/79       AC: 13    Str: 19    XL:     10   Next: 27%
Magic:  10/10      EV: 10    Int: 11    God:    Okawaru [**....]
Gold:   431        SH:  6    Dex: 12    Spells: 9/9 levels left

rFire    x . .     SeeInvis .   b - +1 short sword (elec)
rCold    + . .     Gourm    .   (no shield)
rNeg     + + +     Faith    .   q - +0 chain mail
rPois    ∞         Spirit   .   r - +0 helmet
rElec    .         Reflect  +   (no cloak)
rCorr    .         Harm     .   t - +0 pair of gloves
MR       +....                  n - +0 pair of boots
Stlth    ..........             y - +6 amulet of reflection
HPRegen  0.23/turn              c - ring of flight
MPRegen  0.12/turn              (no ring)

@: about to teleport
A: no food or potions, fire vulnerability, cold resistance 1, negative energy
resistance 3, torment resistance, unbreathing
a: Heroism, Renounce Religion, Evoke Flight


You were on level 2 of the Abyss.
You worshipped Okawaru.
Okawaru was pleased with you.
You were not hungry.

You visited 2 branches of the dungeon, and saw 10 of its levels.
You visited the Abyss 1 time.

You collected 431 gold pieces.

Inventory:

Hand Weapons
 a - a +1 shortbow
 b - a +1 short sword of electrocution (weapon)
 w - a +0 hunting sling
 D - the +6 mace of Eru Gici {speed, Str+2}
   (You took it off an orc on level 8 of the Dungeon)

   Attacks with this weapon are significantly faster.
   It affects your strength (+2).
Missiles
 d - 84 arrows
 e - 108 sling bullets
 g - 43 poisoned needles
 h - 188 stones (quivered)
Armour
 n - a +0 pair of boots (worn)
 q - a +0 chain mail (worn)
 r - a +0 helmet (worn)
 t - a +0 pair of gloves (worn)
Jewellery
 c - a ring of flight (left hand)
 s - an uncursed amulet of magic regeneration
 y - a +6 amulet of reflection (around neck)
Wands
 f - a wand of acid (19)
 p - a wand of flame (75)
 u - a wand of enslavement (7)
Scrolls
 i - 6 scrolls of teleportation {!r}
 j - 2 scrolls of magic mapping {!r}
 k - 6 scrolls of remove curse {!r}
 l - a scroll of enchant armour {!r}
 m - 2 scrolls of enchant weapon {!r}
 o - 2 scrolls of fog {!r}
 v - a scroll of brand weapon {!r, unknown}
 x - 2 scrolls of blinking {!r}
 z - a scroll of vulnerability {!r}
 A - 2 scrolls of identify {!r}
 C - a scroll of fear {!r}


   Skills:
 + Level 7.0 Fighting
 * Level 8.7 Bows
 + Level 5.8 Armour
 + Level 5.8 Dodging
 - Level 0.7 Stealth


You had 9 spell levels left.
You didn't know any spells.

Dungeon Overview and Level Annotations

Branches:
Dungeon (9/15)             Temple (1/1) D:6
   Lair: D:8-11         Orc: D:9-12

Altars:
Ashenzari
Cheibriados
Dithmenos
Elyvilon
Fedhas
Gozag
Hepliaklqana
Kikubaaqudgha
Makhleb
Nemelex Xobeh
Okawaru
Qazlal
Ru
Sif Muna
Trog
Uskayaw
Vehumet
Wu Jian
Xom
Yredelemnul
Zin
The Shining One

Shops:
D:4 *

Annotations:
D:7 Erica
D:9 Erolcha


Innate Abilities, Weirdness & Mutations

You do not eat or drink.
Your flesh is vulnerable to fire.
You are immune to poison.
Your flesh is cold resistant. (rC+)
You are immune to negative energy. (rN+++)
You are immune to unholy pain and torment.
You can survive without breathing.


Message History

Firing (i - inventory. (,) - cycle):
d - 89 arrows (quivered)
Press: ? - help, Shift-Dir - straight line, f - large abomination
Aim: a large abomination (hasn't noticed you)
You shoot an arrow.
The arrow hits the large abomination but does no damage.
Firing (i - inventory. (,) - cycle):
d - 88 arrows (quivered)
Press: ? - help, Shift-Dir - straight line, f/p - large abomination
Aim: a large abomination You shoot an arrow.
The arrow hits the large abomination but does no damage.
Firing (i - inventory. (,) - cycle):
d - 87 arrows (quivered)
Press: ? - help, Shift-Dir - straight line, f/p - large abomination
Aim: a large abomination You shoot an arrow.
The arrow hits the large abomination.
The large abomination is lightly damaged.
Firing (i - inventory. (,) - cycle):
d - 86 arrows (quivered)
Press: ? - help, Shift-Dir - straight line, f/p - large abomination
Aim: a large abomination (lightly damaged)
You shoot an arrow.
The arrow barely misses the large abomination.
Firing (i - inventory. (,) - cycle):
d - 85 arrows (quivered)
Press: ? - help, Shift-Dir - straight line, f/p - large abomination
Aim: a large abomination (lightly damaged)
You shoot an arrow. The arrow hits the large abomination.
The large abomination is lightly damaged.
Firing (i - inventory. (,) - cycle):
d - 84 arrows (quivered)
Press: ? - help, Shift-Dir - straight line, f/p - large abomination
Aim: a large abomination (lightly damaged)
You shoot an arrow.
The arrow closely misses the large abomination.
No target in view!
You hear the crackle of electricity.
b - a +1 short sword of electrocution (weapon)
You can't drink.
Okay, then.
You swing at nothing.
You hit the large abomination.
The large abomination is moderately damaged.
The large abomination hits you!
You hit the large abomination but do no damage.
The large abomination is moderately damaged.
The large abomination closely misses you.
Press: ? - help, v - describe, . - travel
Here: a large abomination (moderately damaged)
The floor.
You completely miss the large abomination.
The large abomination is moderately damaged.
The large abomination completely misses you.
You hit the large abomination but do no damage.
The large abomination is moderately damaged.
The large abomination hits you!!
* * * LOW HITPOINT WARNING * * *
A sun demon comes into view.
The sun demon shouts!
You see here an arrow.
Unknown command.
Really read
i - 7 scrolls of teleportation {!r}?
As you read the scroll of teleportation {!r}, it crumbles to dust.
You feel strangely unstable.
You feel the power of the Abyss delaying your translocation!
d - 84 arrows (gained 1)
You block the large abomination's attack.
The sun demon hits you!
You die...

### . # ## ####
..### .... ......
X#.###
#......######
#.@#. . # ##
.....###3#..# ##.#
# #
##...#X#....#...#
#..#####.###.....#
# . #.....#..#.##
.#.#.#.#...#.. #
##§...# ....#
#.#....##..##.#
§##§#.(....#..


You could see a sun demon and a large abomination.

Vanquished Creatures
  A cyclops (D:7)
  Joseph (D:8)
  Psyche (D:8)
  An ancient zyme (Abyss:2)
  The ghost of Gildeon the Slasher, an amateur HuFi (D:4)
  2 water moccasins
  A black bear (D:8)
  5 sky beasts
  A phantom (D:4)
  2 ice beasts
  3 ogres
  A centaur (D:6)
  A big kobold (D:6)
  3 bullfrogs
  A wyvern skeleton (D:7)
  2 scorpions
  5 killer bees (D:8)
  4 howler monkeys
  A centaur zombie (D:6)
  4 crimson imps
  3 bullfrog zombies (D:8)
  A quasit (D:8)
  3 orc priests
  A centaur skeleton (D:6)
  A gnoll shaman (D:7)
  5 hounds
  2 bullfrog skeletons
  Jessica (D:3)
  6 iguanas
  5 orc wizards
  3 worker ants
  A hound zombie (D:6)
  A hound skeleton (D:8)
  7 gnolls
  11 adders
  An ooze (D:1)
  2 adder skeletons (D:6)
  3 worms
  A dart slug (D:2)
  2 leopard geckos
  41 orcs
  A giant cockroach (D:4)
  8 goblins
  3 hobgoblins
  9 jackals
  11 kobolds
  4 quokkas
  6 bats
  4 frilled lizards
  A leopard gecko zombie (D:6)
  A quokka skeleton (D:4)
  8 rats
198 creatures vanquished.

Vanquished Creatures (others)
  An orc wizard (D:7)
1 creature vanquished.

Grand Total: 199 creatures vanquished

Notes
Turn   | Place    | Note
-------+----------+-------------------------------------------
     0 | D:1      | Amnesiac the Mummy Hunter began the quest for the Orb.
     0 | D:1      | Reached XP level 1. HP: 16/16 MP: 1/1
   196 | D:1      | Reached skill level 1 in Armour
   597 | D:1      | Reached XP level 2. HP: 22/22 MP: 2/2
  1123 | D:2      | Reached XP level 3. HP: 27/27 MP: 3/3
  2086 | D:3      | Noticed Jessica
  2093 | D:3      | Killed Jessica
  2093 | D:3      | Reached XP level 4. HP: 31/34 MP: 4/4
  2377 | D:3      | Reached skill level 4 in Bows
  2377 | D:3      | Reached XP level 5. HP: 12/39 MP: 5/5
  2950 | D:4      | Noticed Gildeon's ghost (amateur HuFi)
  3360 | D:4      | Reached XP level 6. HP: 34/47 MP: 6/6
  3492 | D:4      | Found Wuaxocy's Elemental Accessories.
  3743 | D:4      | Reached XP level 7. HP: 44/52 MP: 7/7
  3756 | D:4      | Reached skill level 5 in Bows
  3843 | D:4      | Found Wuaxocy's Elemental Accessories.
  4014 | D:4      | Killed Gildeon's ghost
  4021 | D:5      | Entered Level 5 of the Dungeon
  4753 | D:5      | Reached XP level 8. HP: 21/61 MP: 8/8
  4967 | D:5      | Found a radiant altar of Vehumet.
  5053 | D:5      | Reached skill level 6 in Bows
  5368 | D:6      | Found a staircase to the Ecumenical Temple.
  5377 | Temple   | Entered the Ecumenical Temple
  5694 | D:6      | Reached skill level 5 in Fighting
  6159 | D:7      | Reached XP level 9. HP: 47/68 MP: 9/9
  6161 | D:7      | Found a shadowy altar of Dithmenos.
  6259 | D:7      | Reached skill level 7 in Bows
  6441 | D:7      | Found an iron altar of Okawaru.
  6441 | D:7      | Found a burning altar of Makhleb.
  6446 | D:7      | Became a worshipper of Warmaster Okawaru
  6542 | D:7      | Noticed a cyclops
  7052 | D:7      | Found a hide-covered altar of Uskayaw.
  7171 | D:7      | Reached skill level 5 in Dodging
  7367 | D:7      | Killed a cyclops
  7367 | D:7      | Reached * piety under Okawaru
  7367 | D:7      | Reached skill level 5 in Armour
  7595 | D:8      | Reached skill level 8 in Bows
  7674 | D:8      | Reached ** piety under Okawaru
  7676 | D:8      | Got a polished mace {speed}
  7678 | D:8      | Identified the +6 mace of Eru Gici {speed, Str+2} (You took it off an orc on level 8 of the Dungeon)
  7780 | D:8      | Noticed Psyche
  7788 | D:8      | Killed Psyche
  7953 | D:8      | Reached XP level 10. HP: 74/77 MP: 10/10
  8029 | D:8      | Found a stormy altar of Qazlal.
  8436 | D:8      | Noticed Joseph
  8451 | D:8      | Killed Joseph
  8598 | D:8      | Noticed Erica
  9200 | D:9      | Noticed Erolcha
  9203 | D:9      | Cast into level 2 of the Abyss (Erolcha)
  9332 | Abyss:2  | Noticed a sun demon
  9342 | Abyss:2  | Slain by a sun demon

Vault maps used:
D:1:      matt_arrival_grand_opening
D:2:      corexii_corridor_pit
D:3:      minmay_misc_feat_rows, uniq_jessica
D:4:      nicolae_elemental_shop
D:5:      cheibrodos_helix_gallery, first_bread, grunt_ministairs_7,
          vehumet_altar_wand_db
D:6:      minmay_temple_entry_statues_fountains, corexii_shack,
          minmay_misc_feat_cross
D:7:      kennysheep_mini_moat, lemuel_coloured_pillars_altar,
          gammafunk_temple_overflow_statue, wad_mini_maze
D:8:      lemuel_crystal_altar, uniq_psyche, uniq_erica, uniq_joseph
D:9:      the_bakery, uniq_erolcha
Temple:   minmay_crystal_spiral_temple
Abyss:2:  evilmike_abyss_exit_plants

Skill      XL: |  1  2  3  4  5  6  7  8  9 10 |
---------------+-------------------------------+-----
Armour         | 1 2 3 4 5 |  5.8
Dodging        | 2 3 4 5 |  5.8
Bows           | 4 5 6 8 |  8.7
Fighting       | 3 4 5 6 7 |  7.0
Stealth        | |  0.7

Action                   |  1- 3 |  4- 6 |  7- 9 | 10-12 || total
-------------------------+-------+-------+-------+-------++-------
Melee: Short sword       |    57 |   214 |   279 |     4 ||   554
       Mace              |       |       |    27 |   133 ||   160
       Falchion          |       |       |     3 |       ||     3
       Shortbow          |       |       |     2 |       ||     2
 Fire: Hunting sling     |    92 |       |       |       ||    92
       Shortbow          |     7 |    10 |   186 |    28 ||   231
 Abil: Evoke Flight      |       |       |     1 |       ||     1
Evoke: Wand              |       |       |     5 |       ||     5
  Use: Scroll            |       |       |     7 |     4 ||    11
 Stab: Sleeping          |     1 |     1 |       |       ||     2
Armor: Leather armour    |    25 |    32 |       |       ||    57
       Chain mail        |       |    28 |   230 |    60 ||   318
Dodge: Dodged            |    78 |   111 |   183 |    72 ||   444
Block: Other             |       |       |    35 |    45 ||    80
       Reflection        |       |       |     1 |       ||     1
       Rpst.: Falchion   |       |       |     1 |       ||     1

Table legend:
 A = Spawn XP
 B = Non-spawn XP
 C = Spawn XP percentage of total XP
 D = Spawn monster count
 E = Non-spawn monster count
 F = Spawn count percentage of total count
 G = Total turns spent on level
                    A         B        C        D         E        F      G
               +---------+---------+-------+---------+---------+-------+---------
         Total |       0 |    7036 |   0.0 |       0 |     199 |   0.0 |  9342
               +---------+---------+-------+---------+---------+-------+---------
           D:1 |       0 |      33 |   0.0 |       0 |      19 |   0.0 |  1000
           D:2 |       0 |      39 |   0.0 |       0 |      13 |   0.0 |   902
           D:3 |       0 |     147 |   0.0 |       0 |      22 |   0.0 |  1088
           D:4 |       0 |     885 |   0.0 |       0 |      38 |   0.0 |  1047
           D:5 |       0 |     552 |   0.0 |       0 |       8 |   0.0 |  1247
           D:6 |       0 |    1043 |   0.0 |       0 |      35 |   0.0 |   633
           D:7 |       0 |    1896 |   0.0 |       0 |      35 |   0.0 |  1699
           D:8 |       0 |    2119 |   0.0 |       0 |      28 |   0.0 |  1416
       Abyss:2 |       0 |     322 |   0.0 |       0 |       1 |   0.0 |   139
               +---------+---------+-------+---------+---------+-------+---------
